 Dungeon Crawl Stone Soup version 0.28.0 (webtiles) character file.

Game seed: 12010523776658197664

55 Skilfsilihog the Conjurer (level 3, -1/26 HPs)
             Began as a Draconian Conjurer on Feb 20, 2022.
             Slain by an orc (3 damage)
             ... on level 2 of the Dungeon.
             The game lasted 00:02:15 (1479 turns).

Skilfsilihog the Conjurer (Draconian Conjurer)      Turns: 1479, Time: 00:02:16

Health: -1/26      AC:  6    Str:  9    XL:     3   Next: 67%
Magic:  1/6        EV: 12    Int: 20    God:
Gold:   44         SH:  0    Dex:  9    Spells: 5/6 levels left

rFire   . . .      SeeInvis .   a - +0 flail
rCold   . . .      Faith    .   (no shield)
rNeg    . . .      Spirit   .   (armour unavailable)
rPois   .          Reflect  .   (helmet restricted)
rElec   .          Harm     .   d - +0 cloak
rCorr   .          Rampage  .   (no gloves)
Will    .....                   (no boots)
Stlth   +.........              (no amulet)
HPRegen 0.08/turn               (no ring)
MPRegen 0.10/turn               (no ring)

@: confused, mighty
A: AC +5, unfitting armour, cold-blooded
a: no special abilities


You were on level 2 of the Dungeon.
You visited 1 branch of the dungeon, and saw 2 of its levels.

You collected 44 gold pieces.

Inventory:

Hand Weapons
 a - a +0 flail (weapon)
Armour
 d - a +0 cloak (worn)
Scrolls
 c - a scroll of immolation {unknown}
 e - 2 scrolls of identify {unknown}
Potions
 b - a potion of curing {unknown}
 f - a potion of resistance {unknown}
 g - a potion of might
 h - a potion of haste {unknown}


   Skills:
 - Level 1.7 Dodging
 - Level 1.7 Stealth
 - Level 2.0 Spellcasting
 + Level 5.4 Conjurations


You had 5 spell levels left.
You knew the following spells:

 Your Spells              Type           Power      Damage    Failure   Level
a - Magic Dart            Conj           92%        1d7       1%          1

Your spell library contained the following spells:

 Spells                   Type           Power      Damage    Failure   Level
 Searing Ray              Conj           46%        2d6       2%          2
 Dazzling Flash           Conj/Hex       24%        N/A       16%         3
 Fulminant Prism          Conj/Hex       6%         3d7       45%         4
 Iskenderun's Mystic Bla  Conj/Tloc      12%        2d5       45%         4


Dungeon Overview and Level Annotations

Branches:
Dungeon (2/15)

Altars:
The Shining One


Innate Abilities, Weirdness & Mutations

Your plain brown scales are hard. (AC +5)
You cannot fit into any form of body armour.
You are cold-blooded and may be slowed by cold attacks.


Message History

An orc comes into view.
It is wielding a +0 hand axe of freezing.
The orc shouts!
The magic dart hits the orc wizard.
The orc wizard is lightly wounded.
The orc wizard casts a spell at you. The puff of flame hits you.
The magic dart hits the orc priest.
You kill the orc priest!
The orc wizard casts a spell at you.
You are confused.
Your Conjurations skill increases to level 5!
You have reached level 3!
Your experience leads to an increase in your attributes!
Increase (S)trength, (I)ntelligence, or (D)exterity?
You feel clever. x2; Your scales feel tougher.
You are too confused!
You are too confused!
You are too confused!
You're too confused to move!
An orc comes into view. It is wielding a +0 falchion.
The orc shouts!
The orc wizard points at you and mumbles some strange words.
The puff of flame hits you. The orc hits you but does no damage.
The orc wizard misses you.
The orc hits you with a +0 hand axe of freezing.
The orc freezes you. The orc wizard closely misses you.
The orc hits you with a +0 falchion.
You barely miss the orc. Your punch misses the orc.
The orc wizard hits you but does no damage.
The orc misses you. The orc hits you with a +0 falchion.
* * * LOW HITPOINT WARNING * * *
It was a potion of might.
You feel very mighty all of a sudden.
You feel less confused.
The orc wizard hits you with a +0 dagger.
* * * LOW HITPOINT WARNING * * *
The orc barely misses you. The orc hits you but does no damage.
The orc wizard points at you and mumbles some strange words.
You are confused.
The orc barely misses you. The orc hits you with a +0 falchion.
You die...

##########..#
#..#.####.#.......#
####........#
#..#......#.......#
..##.#####.##
#..########.......# ..#
#.# #..#.. .......## ..#
###.# #..#.#
..##.###...####..#.####.
..#.....................
..##.###.###..ooo....#
..# #. #....@....# ..#
#. #)........# ### >.
#######...... .. ######
...


You could see an orc wizard and 2 orcs.

Vanquished Creatures
  An orc priest (D:2)
  A gnoll (D:1)
  A ball python (D:2)
  An endoplasm (D:1)
  A giant cockroach (D:2)
  3 goblins (D:1)
  2 kobolds
  3 bats (D:1)
  6 rats
19 creatures vanquished.

Notes
Turn   | Place    | Note
-------+----------+-------------------------------------------
     0 | D:1      | Skilfsilihog the Draconian Conjurer began the quest for the
                  | Orb.
     0 | D:1      | Reached XP level 1. HP: 14/14 MP: 3/3
    35 | D:1      | Reached XP level 2. HP: 12/20 MP: 0/5
   758 | D:1      | Found a faded altar of an unknown god.
  1304 | D:2      | Found a glowing golden altar of the Shining One.
  1472 | D:2      | Reached skill level 5 in Conjurations
  1472 | D:2      | Reached XP level 3. HP: 21/26 MP: 0/6
  1479 | D:2      | Slain by an orc

Illustrated notes

Levels and vault maps discovered:
D:1:      shiori_arrival_oz, layout_basic, hellmonk_ecumenical_altar_zigzags
D:2:      cheibrodos_old_hovel, layout_basic, basic_altar,
          kennysheep_generic_room_4

Skill      XL: |  1  2 |
---------------+-------+-----
Conjurations   | 5 |  5.4
Dodging        | |  1.7
Stealth        | |  1.7
Spellcasting   | |  2.0

Action                   || total
-------------------------++-------
Melee: Unarmed           ||     3
       Flail             ||     3
 Cast: Magic Dart        ||    33
  Use: Potion            ||     1
Armor: Skin              ||     6
Dodge: Dodged            ||     7
